 Dungeon Crawl Stone Soup version 0.19-a0-1899-g2d93087 (webtiles) character file.

228225 PurpleRed the Executioner (level 18, -12/177 (178) HPs)
             Began as a Minotaur Fighter on Oct 19, 2016.
             Was the Champion of Makhleb.
             Mangled by an azure jelly (37 damage)
             ... created by the Royal Jelly
             ... on level 5 of the Pits of Slime.
             The game lasted 01:15:49 (22031 turns).

PurpleRed the Executioner (Minotaur Fighter)       Turns: 22031, Time: 01:15:50

HP:   -12/177 (178) AC: 29    Str: 28 (29) XL:     18   Next: 26%
MP:   17/17         EV: 12    Int: 10      God:    Makhleb [******]
Gold: 2440          SH:  0    Dex:  8 (10) Spells: 1 memorised, 14 levels left

rFire  . . .     SeeInvis +     R - +5 battleaxe (vamp)
rCold  . . .     Gourm    .     Y - +8 plate armour {ponderous}
rNeg   + + +     Faith    .     (shield currently unavailable)
rPois  +         Spirit   .     O - +2 hat
rElec  +         Reflect  .     M - +2 cloak "Rauxziuw" {Int+4 SInv}
rCorr  +         Harm     .     x - +1 pair of gloves
MR     +++..                    a - +1 pair of boots {Stlth+}
Stlth  ..........               T - amulet of magic regeneration
                                Q - ring of the Mage {Wiz MR++ Int+3}
                                p - ring "Linud" {rCorr rElec rPois rN+++ Int-2}

@: corroded, slow
A: retaliatory headbutt, horns 2, deterioration 1, screaming 1
a: Minor Destruction, Lesser Servant of Makhleb, Major Destruction, Greater
Servant of Makhleb, Renounce Religion
}: 2/15 runes: serpentine, barnacled


You were on level 5 of the Pits of Slime.
You worshipped Makhleb.
Makhleb was exalted by your worship.
You were not hungry.

You visited 7 branches of the dungeon, and saw 36 of its levels.
You also visited: Ossuary, Bailey and Ice Cave.

You collected 3102 gold pieces.
You spent 662 gold pieces at shops.

Inventory:

Hand Weapons
 I - the +5 mace "Lynoss" {freeze, rPois rN+ Int-5}
   (You found it on level 5 of the Dungeon)

   It has been specially enchanted to freeze those struck by it, causing extra
   injury to most foes and up to half again as much damage against particularly
   susceptible opponents.
   It can also slow down cold-blooded creatures.
   It affects your intelligence (-5).
   It protects you from poison.
   It protects you from negative energy.
 R - a +5 vampiric battleaxe (weapon)
 V - a +3 battleaxe of electrocution
Missiles
 F - a throwing net (quivered)
Armour
 a - a +1 pair of boots of stealth (worn)
 n - a +1 plate armour of cold resistance
 x - a +1 pair of gloves (worn)
 K - +0 storm dragon scales
 M - the +2 cloak "Rauxziuw" (worn) {Int+4 SInv}
   (You found it on level 7 of the Dungeon)

   It affects your intelligence (+4).
   It lets you see invisible.
 O - a +2 hat (worn)
 Y - a +8 plate armour of ponderousness (worn)
Jewellery
 i - an uncursed ring of protection from fire
 p - the ring "Linud" (left hand) {rCorr rElec rPois rN+++ Int-2}
   (You found it in an ice cave)

   [ring of resist corrosion]

   It affects your intelligence (-2).
   It insulates you from electricity.
   It protects you from poison.
   It renders you almost immune to negative energy.
 L - an uncursed ring of protection from cold
 P - a +6 ring of dexterity
 Q - the ring of the Mage (right hand) {Wiz MR++ Int+3}
   (You found it on level 5 of the Lair of Beasts)

   [ring of wizardry]

   It improves your spell success rate.
   It affects your intelligence (+3).
   It affects your resistance to hostile enchantments.
 T - an amulet of magic regeneration (around neck)
 W - an uncursed ring of flight
 Z - a +4 ring of protection
Wands
 t - a wand of lightning (6/15)
 u - a wand of heal wounds (5/9)
 G - a wand of iceblast (8/15)
 X - a wand of hasting (3/9)
Scrolls
 g - 5 scrolls of recharging
 k - 2 scrolls of blinking
 m - 11 scrolls of remove curse
 o - 10 scrolls of teleportation
 q - 3 scrolls of summoning
 s - 6 scrolls of identify
 v - a scroll of silence
 y - 6 scrolls of fog
 H - 3 scrolls of magic mapping
 J - 3 scrolls of enchant armour
 N - 4 scrolls of fear
Potions
 b - 4 potions of agility
 d - 3 potions of might
 e - 2 potions of haste
 j - a potion of cure mutation
 l - 2 potions of ambrosia {unknown}
 r - 2 potions of invisibility
 w - 5 potions of magic
 z - 2 potions of flight
 A - 3 potions of cancellation
 C - 12 potions of curing
 D - a potion of resistance
 E - 6 potions of heal wounds
 S - 3 potions of brilliance
Miscellaneous
 c - a phantom mirror
Comestibles
 f - 18 bread rations
 h - 4 fruits
 B - 14 meat rations
 U - a beef jerky


   Skills:
 + Level 20.2 Fighting
 + Level 23.3 Axes
 + Level 18.4 Armour
 - Level 10.6 Dodging
   Level 3.6 Shields


You had 14 spell levels left.
You knew the following spells:

 Your Spells              Type           Power        Failure   Level  Hunger
a - Regeneration          Chrm/Necr      #.........   99%         3    ####...


Dungeon Overview and Level Annotations

Branches:
Dungeon (15/15)            Temple (1/1) D:5            Lair (5/6) D:11
 Shoals (4/4) Lair:2        Snake (4/4) Lair:3        Slime (5/5) Lair:5
    Orc (2/2) D:11            Elf (0/3) Orc:2        Vaults (0/5) D:13
 Depths (0/5) D:15

Altars:
Ashenzari
Cheibriados
Dithmenos
Elyvilon
Fedhas
Hepliaklqana
Kikubaaqudgha
Makhleb
Nemelex Xobeh
Okawaru
Qazlal
Ru
Sif Muna
Trog
Uskayaw
Vehumet
Xom
Yredelemnul
Zin
Beogh
Jiyva

Shops:
D:14 *   Orc:2 :?(!   Snake:3 :   Snake:4 (

Portals:
Trove: D:12 (give +3 storm dragon scales)

Annotations:
Lair:5 jamesreid's ghost, journeyman TrMo


Innate Abilities, Weirdness & Mutations

You reflexively headbutt those who attack you in melee.
You have a pair of horns on your head.
Your body sometimes deteriorates upon taking damage.
You occasionally shout uncontrollably at your foes.


Message History

Makhleb accepts your kill.
You feel better. The azure jelly hits you. The azure jelly freezes you!
The azure jelly hits you but does no damage. x2
The azure jelly closely misses you.
You barely miss the azure jelly.
The azure jelly is almost dead.
You hit the azure jelly.
You headbutt the azure jelly, but do no damage.
The azure jelly is almost dead.
The azure jelly hits you but does no damage.
The azure jelly hits you. The azure jelly freezes you!!
* * * LOW HITPOINT WARNING * * *
The azure jelly barely misses you. The azure jelly closely misses you.
You hit the azure jelly.
You feel better.
The azure jelly is almost dead.
The azure jelly hits you but does no damage.
The azure jelly hits you.
* * * LOW HITPOINT WARNING * * *
The azure jelly freezes you!!!
You die...

................
................
................
................
................
................
................
.........J......
........@.......
................
#####.........##
#.###.....# ##
...### ####


You could see an azure jelly.

Vanquished Creatures
  the Royal Jelly (Slime:5)
  Bai Suzhen (Shoals:4)
  An Ice Fiend (IceCv)
  13 acid blobs
  Polyphemus (Shoals:2)
  8 nagarajas (Snake:4)
  Ilsuiw (Shoals:3)
  5 azure jellies
  Azrael (Snake:2)
  4 merfolk javelineers (Shoals:4)
  7 merfolk impalers
  4 death oozes
  An ettin (Orc:1)
  5 great orbs of eyes
  Erolcha (Orc:2)
  2 hydras
  13 naga warriors
  A catoblepas (Shoals:2)
  A ghost crab (shapeshifter) (D:13)
  2 merfolk avatars
  A centaur warrior (D:13)
  6 anacondas
  2 dancing weapons (D:13)
  4 merfolk aquamancers
  2 satyrs
  A titan zombie (D:15)
  4 ogre magi (Orc:2)
  2 tengu warriors (D:15)
  12 naga sharpshooters
  A vampire mage (D:15)
  4 shock serpents
  5 death yaks
  The ghost of jimeh the Slicer, a novice KoMo of Dithmenos (D:8)
  4 salamander mystics
  An unseen horror (D:14)
  A skeletal warrior (D:15)
  6 sea snakes
  A wizard (D:15)
  A kraken simulacrum (Shoals:4)
  A tengu zombie (D:15)
  6 naga ritualists
  4 hill giants
  Pikel (D:7)
  2 harpies (Shoals:4)
  A necromancer (D:15)
  2 orc knights
  3 mana vipers (Snake:2)
  3 orc sorcerers
  A deep elf mage (D:14)
  A frost giant zombie (D:15)
  4 ugly things
  An oklob plant (Snake:2)
  15 salamanders
  4 cyclopes
  9 manticores
  4 fauns
  7 elephants
  27 naga magi
  10 sirens
  A guardian serpent (Snake:4)
  14 black mambas
  2 water nymphs
  2 ice statues
  Maurice (Orc:2)
  3 spiny frogs
  4 centaur skeletons
  3 komodo dragons (Lair:2)
  2 freezing wraiths (IceCv)
  5 anaconda simulacra (IceCv)
  4 kobold demonologists
  2 golden dragon simulacra (IceCv)
  3 tengu conjurers
  7 ice devils (IceCv)
  2 trolls
  A guardian mummy (D:15)
  2 wind drakes
  13 merfolk
  6 snapping turtles
  A hornet (D:10)
  37 slime creatures
  15 two-headed ogres
  6 dream sheep (Shoals:3)
  8 hippogriffs
  An ice dragon skeleton (D:15)
  52 yaks
  A vampire (D:9)
  2 dire elephant simulacra (IceCv)
  7 water elementals
  A wraith (D:15)
  2 wyverns
  4 hogs (D:8)
  3 fire elementals (Snake:2)
  A hungry ghost (D:15)
  3 golden eyes
  2 basilisks
  A human (D:8)
  2 redback simulacra
  6 vampire mosquitoes
  A mottled dragon (D:11)
  18 wargs (D:8)
  An iron troll simulacrum (IceCv)
  A soldier ant (D:11)
  2 harpy simulacra (IceCv)
  32 nagas
  6 hydra simulacra (IceCv)
  7 water moccasins
  6 porcupines
  3 hell hounds (Snake:2)
  A slave (D:7)
  3 sky beasts
  3 black bears
  6 ice beasts
  30 orc warriors
  An alligator simulacrum (IceCv)
  3 phantoms
  2 eyes of draining
  An ettin simulacrum (IceCv)
  39 ogres
  4 wolves (Lair:1)
  11 centaurs
  7 crocodiles
  7 big kobolds
  10 gnoll sergeants
  13 bullfrogs
  2 wyvern zombies
  3 killer bees (D:12)
  3 scorpions
  A water moccasin skeleton (D:7)
  3 wights (D:9)
  4 howler monkeys
  4 electric eels
  2 crimson imps
  3 draconian simulacra (IceCv)
  A centaur zombie (D:9)
  8 hounds
  4 human zombies (Ossuary)
  4 bullfrog zombies
  2 jellies
  9 orc priests
  A quasit (D:11)
  Crazy Yiuf (D:6)
  6 gnoll shamans (Bailey)
  2 iguanas
  3 bullfrog skeletons
  An iron imp (D:9)
  Jessica (D:3)
  Ijyb (D:3)
  15 hell rats (Lair:3)
  14 orc wizards
  2 troll simulacra (IceCv)
  8 worker ants
  A polar bear simulacrum (IceCv)
  A spriggan simulacrum (IceCv)
  A wolf simulacrum (IceCv)
  A killer bee zombie (D:5)
  A centaur simulacrum (IceCv)
  A hound zombie (Ossuary)
  2 hound skeletons (D:7)
  4 mummies (Ossuary)
  2 worker ant zombies
  A howler monkey zombie (D:11)
  7 river rats (Lair:3)
  16 adders
  31 gnolls
  7 naga simulacra (IceCv)
  6 shadow imps
  7 white imps (IceCv)
  5 ufetubi (IceCv)
  An ooze (D:3)
  An adder skeleton (D:9)
  3 adder zombies
  A worm (D:3)
  5 dart slugs
  4 leopard geckos
  87 orcs
  A ball python (D:1)
  7 bats
  7 giant cockroaches
  5 goblins
  8 hobgoblins
  16 jackals
  25 kobolds
  5 quokkas
  A ball python skeleton (D:4)
  3 frilled lizards
  A gnoll zombie (Ossuary)
  2 hobgoblin zombies (Ossuary)
  A jackal skeleton (D:5)
  A jackal zombie (Ossuary)
  An orc zombie (Ossuary)
  22 rats
  2 rat zombies (Ossuary)
  5 fungi
  5 plants
  A tentacle (Shoals:4)
1111 creatures vanquished.

Vanquished Creatures (collateral kills)
  A shining eye (Slime:4)
  An eye of draining (Slime:4)
2 creatures vanquished.

Vanquished Creatures (others)
  A naga (Snake:4)
  An orc (Orc:1)
  4 fungi
  14 plants
  3 tentacles (Shoals:4)
23 creatures vanquished.

Grand Total: 1136 creatures vanquished

Notes
Turn   | Place    | Note
-------+----------+-------------------------------------------
     0 | D:1      | PurpleRed the Minotaur Fighter began the quest for the Orb.
     0 | D:1      | Reached XP level 1. HP: 19/19 MP: 0/0
    59 | D:1      | Reached skill level 3 in Axes
    71 | D:1      | Reached XP level 2. HP: 26/27 MP: 1/1
   571 | D:2      | Reached XP level 3. HP: 24/33 MP: 2/2
   730 | D:2      | Found a blossoming altar of Fedhas.
   746 | D:2      | Reached skill level 4 in Axes
  1155 | D:2      | Found a deep blue altar of Sif Muna.
  1378 | D:2      | Reached XP level 4. HP: 41/41 MP: 3/3
  1566 | D:3      | Noticed Ijyb
  1566 | D:3      | Found a shattered altar of Ashenzari.
  1581 | D:3      | Killed Ijyb
  1581 | D:3      | Reached skill level 5 in Axes
  1631 | D:3      | Noticed Jessica
  1635 | D:3      | Killed Jessica
  1635 | D:3      | Reached XP level 5. HP: 47/47 MP: 4/4
  1701 | D:3      | Reached skill level 5 in Fighting
  2230 | D:4      | Noticed a phantom
  2251 | D:4      | Killed a phantom
  2251 | D:4      | Reached skill level 6 in Axes
  2255 | D:4      | Found a sand-covered staircase.
  2279 | D:4      | Reached XP level 6. HP: 56/56 MP: 5/5
  2338 | Ossuary  | Entered an ossuary
  2371 | Ossuary  | Reached skill level 7 in Axes
  3040 | D:4      | Reached XP level 7. HP: 56/63 MP: 6/6
  3377 | D:4      | Found a white marble altar of Elyvilon.
  3777 | D:5      | Entered Level 5 of the Dungeon
  3796 | D:5      | Got a brightly glowing mace
  3797 | D:5      | Lost intelligence.
  3797 | D:5      | Identified the +5 mace "Lynoss" {freeze, rPois rN+ Int-5} (You found it on level 5 of the Dungeon)
  3933 | D:5      | Gained mutation: You evolve. [potion of beneficial mutation]
  4052 | D:5      | Reached skill level 8 in Axes
  4065 | D:5      | Found a staircase to the Ecumenical Temple.
  4075 | Temple   | Entered the Ecumenical Temple
  4086 | Temple   | Became a worshipper of Makhleb the Destroyer
  4137 | D:5      | Found a hazy altar of Hepliaklqana.
  4452 | D:5      | Found a shimmering altar of Xom.
  4525 | D:5      | Reached skill level 9 in Axes
  4633 | D:5      | Found a faded altar of an unknown god.
  4633 | D:5      | Found a faded altar of an unknown god.
  4638 | D:5      | Found a hide-covered altar of Uskayaw.
  4640 | D:5      | Found a faded altar of an unknown god.
  4642 | D:5      | Found a faded altar of an unknown god.
  4769 | D:6      | Reached XP level 8. HP: 72/73 MP: 7/7
  4788 | D:6      | Reached * piety under Makhleb
  5146 | D:6      | Reached skill level 10 in Axes
  5339 | D:6      | Found a runed door.
  5343 | D:6      | Noticed Crazy Yiuf
  5349 | D:6      | Killed Crazy Yiuf
  5447 | D:7      | Noticed Pikel
  5465 | D:7      | Killed Pikel
  5465 | D:7      | Reached skill level 11 in Axes
  5465 | D:7      | Reached XP level 9. HP: 77/83 MP: 8/8
  5649 | D:7      | Got a translucent cloak
  5677 | D:7      | Identified the +2 cloak "Rauxziuw" {Int+4 SInv} (You found it on level 7 of the Dungeon)
  5738 | D:7      | Reached skill level 12 in Axes
  6234 | D:8      | Noticed jimeh's ghost (novice KoMo)
  6250 | D:8      | Killed jimeh's ghost
  6250 | D:8      | Reached ** piety under Makhleb
  6250 | D:8      | Reached skill level 10 in Fighting
  6250 | D:8      | Reached skill level 13 in Axes
  6441 | D:8      | Reached XP level 10. HP: 34/94 MP: 9/9
  6654 | D:8      | Gained mutation: You occasionally shout uncontrollably at your foes. [evolution]
  6654 | D:8      | Lost mutation: You evolve. [end of evolution]
  6767 | D:8      | Reached skill level 5 in Armour
  6800 | D:8      | Found a bloodstained altar of Trog.
  6844 | D:8      | Reached skill level 14 in Axes
  6940 | D:7      | HP: 4/95 [orc warrior/short sword (9)]
  7456 | D:8      | Found an iron altar of Okawaru.
  7752 | D:8      | Found a sacrificial altar of Ru.
  7768 | D:8      | Noticed an orc knight
  7784 | D:8      | Killed an orc knight
  7784 | D:8      | Reached skill level 15 in Axes
  7867 | D:8      | Reached *** piety under Makhleb
  7867 | D:8      | Reached XP level 11. HP: 69/102 MP: 10/10
  8616 | D:9      | Got a translucent spear
  8617 | D:9      | Identified the +2 spear of the Toadstool {freeze, rF+} (You found it on level 9 of the Dungeon)
  8676 | D:9      | Reached **** piety under Makhleb
  9065 | D:9      | Found a snail-covered altar of Cheibriados.
  9219 | D:10     | Entered Level 10 of the Dungeon
  9415 | D:10     | Noticed a hill giant
  9422 | D:10     | Killed a hill giant
  9467 | D:10     | Noticed a green ugly thing
  9476 | D:10     | Killed a green ugly thing
  9525 | D:10     | Paralysed by a hornet for 3 turns
  9611 | D:10     | Reached ***** piety under Makhleb
 10001 | D:10     | Reached skill level 16 in Axes
 10006 | D:10     | Identified the Reference Book on Evil
 10115 | D:11     | Found a staircase to the Lair.
 10148 | D:11     | Noticed a cyan ugly thing
 10159 | D:11     | Killed a cyan ugly thing
 10246 | D:11     | Reached XP level 12. HP: 113/113 MP: 11/11
 10266 | D:11     | Found a staircase to the Orcish Mines.
 10463 | D:11     | Reached skill level 17 in Axes
 10876 | D:12     | Learned a level 3 spell: Regeneration
 10885 | D:12     | Found a flagged portal.
 10960 | Bailey   | Entered a bailey
 11088 | Bailey   | Reached skill level 10 in Armour
 11756 | D:12     | Found a portal to a secret trove of treasure.
 12019 | D:13     | Found a gate to the Vaults.
 12111 | D:13     | Noticed a centaur warrior
 12116 | D:13     | Killed a centaur warrior
 12116 | D:13     | Reached skill level 18 in Axes
 12180 | D:13     | Reached ****** piety under Makhleb
 12193 | D:13     | Noticed a ghost crab
 12197 | D:13     | Killed a ghost crab
 12276 | D:13     | Reached XP level 13. HP: 124/124 MP: 12/12
 13373 | D:14     | Found Asoupp's Assorted Antiques.
 13376 | D:14     | Bought a glowing opal ring for 165 gold pieces
 13571 | D:15     | Entered Level 15 of the Dungeon
 13577 | D:15     | Found a staircase to the Depths.
 13582 | D:15     | Reached skill level 19 in Axes
 14872 | Lair:1   | Entered Level 1 of the Lair of Beasts
 14914 | Lair:2   | Reached skill level 15 in Fighting
 15040 | Lair:2   | Found a staircase to the Shoals.
 15321 | Lair:2   | Reached skill level 1 in Dodging
 15321 | Lair:2   | Reached XP level 14. HP: 130/135 MP: 13/13
 15466 | Lair:3   | Reached skill level 20 in Axes
 15729 | Lair:3   | Found a staircase to the Snake Pit.
 16499 | Lair:5   | Found a viscous altar of Jiyva.
 16499 | Lair:5   | Found a staircase to the Slime Pits.
 16543 | Lair:5   | Noticed jamesreid's ghost (journeyman TrMo)
 16677 | Orc:1    | Entered Level 1 of the Orcish Mines
 16850 | Orc:1    | Found a radiant altar of Vehumet.
 17030 | Orc:2    | Entered Level 2 of the Orcish Mines
 17030 | Orc:2    | Noticed Maurice
 17038 | Orc:2    | Killed Maurice
 17161 | Orc:2    | Reached skill level 5 in Dodging
 17198 | Orc:2    | Found Cionikim's Distillery.
 17198 | Orc:2    | Found Ficubed's Magic Scroll Emporium.
 17208 | Orc:2    | Found Pastudy's Book Boutique.
 17208 | Orc:2    | Found Higoeklo's Weapon Emporium.
 17216 | Orc:2    | Bought a scroll of magic mapping for 49 gold pieces
 17216 | Orc:2    | Identified a scroll of acquirement
 17216 | Orc:2    | Bought a scroll of magic mapping for 49 gold pieces
 17216 | Orc:2    | Bought a scroll of teleportation for 42 gold pieces
 17216 | Orc:2    | Bought a scroll of enchant weapon for 105 gold pieces
 17222 | Orc:2    | Bought a potion of haste for 120 gold pieces
 17222 | Orc:2    | Bought a potion of curing for 36 gold pieces
 17222 | Orc:2    | Bought a potion of might for 48 gold pieces
 17222 | Orc:2    | Bought a potion of might for 48 gold pieces
 17256 | Orc:2    | Noticed Erolcha
 17262 | Orc:2    | Killed Erolcha
 17343 | Orc:2    | Found a roughly hewn altar of Beogh.
 17382 | Orc:2    | Found a staircase to the Elven Halls.
 17629 | Shoals:1 | Entered Level 1 of the Shoals
 17800 | Shoals:2 | Noticed Polyphemus
 17814 | Shoals:2 | Killed Polyphemus
 17827 | Shoals:2 | Reached XP level 15. HP: 120/145 MP: 14/14
 17895 | Shoals:3 | Noticed Ilsuiw
 17923 | Shoals:3 | Killed Ilsuiw
 18106 | Shoals:3 | Found a frozen archway.
 18124 | IceCv    | Entered an ice cave
 18704 | IceCv    | Reached skill level 21 in Axes
 18752 | IceCv    | Noticed an Ice Fiend
 18764 | IceCv    | Killed an Ice Fiend
 18827 | IceCv    | Got a fine bone ring
 18829 | IceCv    | Identified the ring "Linud" {rCorr rElec rPois rN+++ Int-2} (You found it in an ice cave)
 18991 | Shoals:4 | Entered Level 4 of the Shoals
 19108 | Shoals:4 | Noticed Bai Suzhen
 19152 | Shoals:4 | Killed Bai Suzhen
 19152 | Shoals:4 | Reached skill level 15 in Armour
 19258 | Shoals:4 | Reached XP level 16. HP: 155/155 MP: 15/15
 19451 | Shoals:4 | Got a barnacled rune of Zot
 19572 | Snake:1  | Entered Level 1 of the Snake Pit
 19585 | Snake:1  | Paralysed by a Zot trap for 5 turns
 19599 | Snake:2  | Identified the Handbook of Mutagenic Heat
 19649 | Snake:2  | Found a white marble altar of Elyvilon.
 19780 | Snake:2  | Reached skill level 10 in Dodging
 19966 | Snake:2  | Noticed Azrael
 19972 | Snake:2  | Killed Azrael
 20327 | Snake:3  | Found Vaawiveh's Book Emporium.
 20385 | Snake:4  | Entered Level 4 of the Snake Pit
 20427 | Snake:4  | Found Ibusioqi's Weapon Emporium.
 20601 | Snake:4  | Reached skill level 22 in Axes
 20691 | Snake:4  | Reached XP level 17. HP: 159/166 MP: 16/16
 21102 | Snake:4  | Got a serpentine rune of Zot
 21279 | Slime:1  | Entered Level 1 of the Pits of Slime
 21286 | Slime:1  | Noticed an acid blob
 21299 | Slime:1  | Killed an acid blob
 21339 | Slime:2  | Noticed an acid blob
 21348 | Slime:2  | Killed an acid blob
 21354 | Slime:3  | Noticed an acid blob
 21363 | Slime:3  | Killed an acid blob
 21412 | Slime:4  | Noticed an acid blob
 21427 | Slime:4  | Killed an acid blob
 21429 | Slime:4  | Gained mutation: Your body sometimes deteriorates upon taking damage. [a shining eye]
 21540 | Slime:4  | Noticed an acid blob
 21552 | Slime:4  | Killed an acid blob
 21552 | Slime:4  | Reached skill level 23 in Axes
 21577 | Slime:5  | Entered Level 5 of the Pits of Slime
 21594 | Slime:5  | Noticed an acid blob
 21603 | Slime:5  | Killed an acid blob
 21628 | Slime:5  | Noticed an acid blob
 21633 | Slime:5  | Noticed an acid blob
 21638 | Slime:5  | Killed an acid blob
 21640 | Slime:5  | Noticed the Royal Jelly
 21641 | Slime:5  | Killed an acid blob
 21641 | Slime:5  | Reached XP level 18. HP: 178/178 MP: 17/17
 21668 | Slime:5  | Killed the Royal Jelly
 22031 | Slime:5  | Mangled by an azure jelly

Vault maps used:
D:1:      dpeg_arrival_fog, kennysheep_boxes
D:2:      fedhas_altar_3, lemuel_blue_sif_altar, minmay_octomino_e4
D:3:      minmay_door_path, cheibrodos_ashenzari_chains, uniq_iyjb, uniq_jessica
D:4:      lemuel_doored_altar, nicolae_ossuary_entry_monument
D:5:      kennysheep_mini_moat, chequers_temple_overflow_minitemple,
          xom_teletrap_fun, first_bread
D:6:      uniq_crazy_yiuf_cottage
D:7:      uniq_pikel
D:8:      lemuel_castle_with_subvaults, okawaru_ov_weapons_minmay, bloody_trog,
          nicolae_ru_the_path_less_chosen, grunt_livestock
D:9:      slow_altar_1, supply_closet_lemuel
D:10:     statuecave_lemuel, serial_glass, glass_columns_b, glass_columns_b,
          glass_columns_c, glass_columns_a, fountainhead,
          statue_in_the_mist_lemuel
D:11:     david_lair_generic, orc_0_dummy, minivault_5
D:12:     nicolae_trove_entry_crossroad, enter_bailey_2,
          lightli_fourway_metalbox
D:13:     erik_vaults_1
D:14:     serial_shops, shop, serial_curves, eino_curves_02, eino_curves_02,
          eino_curves_02
D:15:     gammafunk_depths_entry_grave, minmay_misc_feat_rugged,
          minmay_misc_feat_four_crosses, minmay_misc_feat_enclosed
Temple:   eino_wide_crystal_templ
Lair:1:   uniq_nergalle
Lair:2:   elwin_shoals_entry_stream
Lair:3:   lemuel_ratsnest, guppyfry_snake_entry_island
Lair:4:   bh_autumn_forest_stairs
Lair:5:   slime_altar_1
Shoals:1: serial_shops, shop_statue, hangedman_shoals_cup_caves
Shoals:2: uniq_polyphemus
Shoals:3: portal_ice_cave_entry_pillars_1, uniq_ilsuiw
Shoals:4: shoals_end_grunt_ice, shoal_ilsuiw, nicolae_shoals_dead_sea_scrolls,
          uniq_bai_suzhen
Snake:1:  serial_bayou_shore_a, uniq_rupert, uniq_aizul
Snake:2:  serial_bayou_pond_c, lemuel_oklob_altar, grunt_megastairs_4,
          uniq_azrael
Snake:3:  nicolae_snake_hallway, serial_shops, shop, serial_bayou_crossing
Snake:4:  snake_pit, serial_shops, shop
Slime:1:  nicolae_slime_barrier
Slime:4:  cheibrodos_slime_lost_civilization_2
Orc:1:    basic_altar
Orc:2:    st_orc_ogre_mass, basic_altar, uniq_maurice, uniq_erolcha
Ossuary:  ossuary_minmay_tomb_2a
Bailey:   bailey_polearm_gnolls_kennysheep, bailey
IceCv:    ice_cave_caverns_01

Skill      XL: |  1  2  3  4  5  6  7  8  9 10 11 12 13 14 15 16 17 18 |
---------------+-------------------------------------------------------+-----
Axes           | 3 4 5 6 7 9 11 13 15 16 18 19 20 21 22 23 | 23.3
Fighting       | 4 5 6 7 9 10 11 12 14 15 16 17 18 19 20 | 20.2
Armour         | 4 7 9 11 12 13 15 16 18 | 18.4
Dodging        | 1 6 9 10 | 10.6
Shields        | |  3.6

Action                   |  1- 3 |  4- 6 |  7- 9 | 10-12 | 13-15 | 16-18 || total
-------------------------+-------+-------+-------+-------+-------+-------++-------
Melee: War axe           |   108 |   129 |   215 |       |       |       ||   452
       Headbutt          |    14 |    18 |    51 |   136 |   282 |   216 ||   717
       Battleaxe         |       |       |    56 |   679 |  1076 |   788 ||  2599
       Mace              |       |       |       |       |     5 |       ||     5
Throw: Throwing net      |       |       |       |       |       |     2 ||     2
 Abil: Evoke Flight      |       |       |       |     1 |     1 |       ||     2
Evoke: Wand              |       |       |     3 |     2 |       |       ||     5
  Use: Potion            |       |     2 |     3 |     1 |     5 |     1 ||    12
       Scroll            |       |       |    15 |    19 |     8 |     6 ||    48
 Stab: Invisible         |       |     6 |       |       |       |       ||     6
       Petrified         |       |       |       |       |     3 |       ||     3
       Petrifying        |       |       |       |       |     1 |       ||     1
  Eat: Chunk             |     2 |     5 |     9 |    11 |     9 |     1 ||    37
       Fruit             |       |       |     2 |    11 |       |     1 ||    14
       Beef jerky        |       |       |       |     2 |     3 |       ||     5
       Pizza             |       |       |       |     3 |     7 |     2 ||    12
       Meat ration       |       |       |       |       |     2 |     1 ||     3
       Royal jelly       |       |       |       |       |       |     1 ||     1
Armor: Scale mail        |    10 |       |       |       |       |       ||    10
       Chain mail        |    42 |    75 |   136 |    62 |       |       ||   315
       Plate armour      |       |       |       |   455 |   866 |   622 ||  1943
Dodge: Dodged            |    36 |    40 |    69 |   266 |   490 |   441 ||  1342
Block: Shield            |    61 |    69 |    91 |       |       |       ||   221
